 Dungeon Crawl Stone Soup version 0.29-a0-322-g68df515428 (webtiles) character file.

Game seed: 14775872278022769714

3393 kae the Conjurer (level 10, -15/59 HPs)
             Began as a Tengu Fire Elementalist on Apr 7, 2022.
             Was an Initiate of Sif Muna.
             Killed from afar by an acid dragon (20 damage)
             ... with a splash of acid
             ... on level 6 of the Dungeon.
             The game lasted 00:07:02 (8686 turns).

kae the Conjurer (Tengu Fire Elementalist)          Turns: 8686, Time: 00:07:03

Health: -15/59     AC: -3    Str:  7 (8)  XL:     10   Next: 4%
Magic:  7/18       EV: 17    Int: 20 (22) God:    Sif Muna [......]
Gold:   322        SH:  5    Dex: 14 (15) Spells: 13/19 levels left

rFire   + . .      SeeInvis .   p - +4 short sword (holy)
rCold   x . .      Faith    .   l - +0 buckler
rNeg    . . .      Spirit   .   a - +0 robe
rPois   .          Reflect  .   (helmet restricted)
rElec   .          Harm     .   (no cloak)
rCorr   .          Rampage  .   (no gloves)
Will    .....                   (boots unavailable)
Stlth   ++........              q - amulet of regeneration
HPRegen 0.99/turn               o - ring of fire
MPRegen 0.16/turn               (no ring)

@: corroded, flying quickly and evasively, quick
A: beak, talons 3, nimble flight, iridescent scales 1, clever 1, deterioration 1
a: Renounce Religion


You were on level 6 of the Dungeon.
You worshipped Sif Muna.
Sif Muna was noncommittal.
You visited 2 branches of the dungeon, and saw 7 of its levels.

You collected 322 gold pieces.

Inventory:

Hand Weapons
 j - a +6 trident
 p - a +4 short sword of holy wrath (weapon)
Missiles
 x - a throwing net
Armour
 a - a +0 robe (worn)
 f - a +2 scale mail of poison resistance
 l - a +0 buckler (worn)
 t - a +2 scale mail of cold resistance
Jewellery
 o - a ring of fire (left hand)
 q - an amulet of regeneration (around neck)
 s - a +6 ring of dexterity
 y - a +6 ring of intelligence
 z - a ring of wizardry
Wands
 C - a wand of polymorph (10)
Scrolls
 d - 2 scrolls of fog {unknown}
 h - 2 scrolls of silence
 r - a scroll of blinking
 v - a scroll of magic mapping {unknown}
 A - a scroll of enchant armour
Potions
 b - 3 potions of magic
 c - 3 potions of attraction
 e - 2 potions of ambrosia
 i - 3 potions of flight
 k - 4 potions of curing
 m - a potion of heal wounds
 n - a potion of invisibility {unknown}
 u - a potion of berserk rage {unknown}
 w - a potion of lignification
 B - a potion of brilliance {unknown}


   Skills:
 + Level 5.2 Fighting
 + Level 5.6 Armour
 + Level 6.3 Dodging
 - Level 2.0 Stealth
 + Level 4.1 Shields
 + Level 5.2 Spellcasting
 + Level 7.0 Conjurations
 + Level 6.8 Fire Magic


You had 13 spell levels left.
You knew the following spells:

 Your Spells              Type           Power      Damage    Failure   Level
a - Foxfire               Conj/Fire      100%       2x1d9     1%          1
b - Scorch                Fire           96%        2d10      1%          2
c - Conjure Flame         Conj/Fire      49%        6-21      2%          3

Your spell library contained the following spells:

 Spells                   Type           Power      Damage    Failure   Level
 Flame Wave               Conj/Fire      49%        2d10      9%          4
 Sticky Flame             Conj/Fire      49%        2d7       9%          4
 Inner Flame              Hex/Fire       28%        N/A       11%         3
 Slow                     Hex            20%        N/A       14%         1
 Ignite Poison            Fire/Tmut/Pois 21%        N/A       17%         3
 Confusing Touch          Hex            5%         N/A       41%         3
 Vampiric Draining        Necr           5%         2d6       41%         3


Dungeon Overview and Level Annotations

Branches:
Dungeon (6/15)             Temple (1/1) D:6

Altars:
Ashenzari
Cheibriados
Elyvilon
Fedhas
Gozag
Hepliaklqana
Kikubaaqudgha
Makhleb
Nemelex Xobeh
Okawaru
Qazlal
Ru
Sif Muna
Trog
Uskayaw
Vehumet
Wu Jian
Xom
Yredelemnul
Zin
The Shining One

Annotations:
D:4 Edmund
D:6 1 runed translucent door, Crazy Yiuf


Innate Abilities, Weirdness & Mutations

You have a beak for a mouth.
You have claws for feet.
Your magical nature lets you fly swiftly and evasively.
You are partially covered in iridescent scales. (AC +2)
Your mind is acute. (Int +2)
Your body sometimes deteriorates upon taking damage.


Message History

The acid dragon is lightly wounded.
Your foxfire dissipates!
The foxfire hits the acid dragon.
The acid dragon is moderately wounded.
Casting: Foxfire (safe; 1% risk of failure)
Confirm with . or Enter, or press ? or * to list all spells.
You feel a surge of power!
You conjure some foxfire!
The foxfire hits the acid dragon.
The acid dragon is moderately wounded.
The foxfire hits the acid dragon!
The acid dragon is heavily wounded.
The foxfire hits the acid dragon.
The acid dragon is severely wounded.
The acid dragon spits acid at you. The splash of acid hits you!!
* * * LOW HITPOINT WARNING * * *
Your body deteriorates!
You feel dopey. The acid corrodes you!
Casting: Foxfire (safe; 1% risk of failure)
Confirm with . or Enter, or press ? or * to list all spells.
You feel a surge of power!
Flames lash the acid dragon but do no damage.
Casting: Scorch (safe; 1% risk of failure)
Confirm with . or Enter, or press ? or * to list all spells.
You feel a surge of power!
Flames lash the acid dragon.
The acid dragon is almost dead.
The acid dragon's fire resistance burns away.
The acid dragon bites you!
* * * LOW HITPOINT WARNING * * *
Your body deteriorates!
You feel weakened. You block the acid dragon's attack.
The acid dragon closely misses you. The acid dragon claws you.
* * * LOW HITPOINT WARNING * * *
Casting: Scorch (safe; 1% risk of failure)
Confirm with . or Enter, or press ? or * to list all spells.
You feel a surge of power!
Flames lash the acid dragon but do no damage.
The acid dragon spits acid at you. The splash of acid hits you!!
You die...

##.......##......####.#..# ##
#...)............###..#.## #.
#.[.######..............########.
#..#######........#.######.......
[..###............#.# #.......
##.##..###......)##.# #.......
##.#..## #.......##.# #...####
#....## #......(##.######.#.###
...### ##.....@D.........#..†#
##.# #####.<..##.########...#...
#..# ##.....#####.# #.######
#^.###..######....# #.# ##.##..##
###### ### ....#.#######
......#.....# .⌠..###.....##♣♣
### ....###......#.♣♣ ♣♣#..)#


You could see an acid dragon (catching breath, combustible).

Vanquished Creatures
  Pikel (D:5)
  2 water moccasins
  An ice beast (D:3)
  An ogre (D:4)
  2 orc warriors
  2 black bears
  A centaur (D:5)
  A lemure (D:5)
  5 phantoms
  A gnoll sergeant (D:4)
  Blork the orc (D:6)
  A necrophage (D:6)
  4 scorpions
  5 wights
  6 killer bees
  A howler monkey (D:6)
  3 hounds
  A gnoll shaman (D:5)
  2 orc priests
  4 iguanas
  3 orc wizards
  Terence (D:2)
  16 gnolls
  9 adders
  2 white imps
  An ufetubus (D:5)
  2 worms
  2 dart slugs
  18 orcs
  6 ball pythons
  8 endoplasms
  2 giant cockroaches
  3 goblins
  5 hobgoblins
  7 jackals
  12 kobolds
  2 quokkas (D:3)
  3 bats
  2 frilled lizards (D:3)
  6 rats
155 creatures vanquished.

Vanquished Creatures (collateral kills)
  3 foxfires (D:3)
3 creatures vanquished.

Vanquished Creatures (others)
  284 foxfires
  3 fungi (D:6)
  9 plants (D:3)
296 creatures vanquished.

Grand Total: 454 creatures vanquished

Notes
Turn   | Place    | Note
-------+----------+-------------------------------------------
     0 | D:1      | kae the Tengu Fire Elementalist began the quest for the
                  | Orb.
     0 | D:1      | Reached XP level 1. HP: 10/10 MP: 4/4
   181 | D:1      | Reached XP level 2. HP: 15/15 MP: 3/6
   226 | D:1      | Learned a level 2 spell: Scorch
  1043 | D:2      | Reached XP level 3. HP: 20/20 MP: 4/7
  1047 | D:2      | Learned a level 3 spell: Conjure Flame
  1103 | D:2      | Gained mutation: You are partially covered in iridescent
                  | scales. (AC +2) [potion of mutation]
  1103 | D:2      | Gained mutation: Your body sometimes deteriorates upon
                  | taking damage. [potion of mutation]
  1103 | D:2      | Gained mutation: Your mind is acute. (Int +2) [potion of
                  | mutation]
  1111 | D:2      | Reached skill level 1 in Fighting
  1111 | D:2      | Reached skill level 1 in Armour
  1111 | D:2      | Reached skill level 2 in Conjurations
  1365 | D:2      | Found a faded altar of an unknown god.
  1735 | D:3      | Reached XP level 4. HP: 25/25 MP: 2/8
  2094 | D:3      | Noticed Terence
  2124 | D:3      | Noticed a phantom
  2142 | D:2      | Killed a phantom
  2143 | D:2      | Gained mutation: Your magical nature lets you fly swiftly
                  | and evasively. [Tengu growth]
  2143 | D:2      | Reached XP level 5. HP: 16/30 MP: 2/10
  2381 | D:2      | Killed Terence
  2382 | D:2      | Reached skill level 3 in Conjurations
  2826 | D:3      | Noticed a phantom
  2829 | D:3      | Killed a phantom
  2830 | D:3      | Reached XP level 6. HP: 35/35 MP: 9/11
  3037 | D:4      | Noticed an ice beast
  3097 | D:3      | Killed an ice beast
  3243 | D:4      | Noticed Edmund
  3315 | D:4      | Reached skill level 4 in Conjurations
  3315 | D:4      | Reached XP level 7. HP: 40/40 MP: 6/12
  3688 | D:4      | Reached skill level 5 in Fire Magic
  4466 | D:5      | Entered Level 5 of the Dungeon
  4500 | D:5      | Reached XP level 8. HP: 44/46 MP: 7/14
  4662 | D:4      | Reached skill level 1 in Shields
  4920 | D:4      | Reached skill level 5 in Conjurations
  5401 | D:5      | Reached skill level 5 in Dodging
  5790 | D:5      | Reached XP level 9. HP: 14/52 MP: 16/16
  6231 | D:5      | Noticed Pikel
  6304 | D:5      | Killed Pikel
  6305 | D:5      | Reached skill level 6 in Conjurations
  6567 | D:5      | Reached skill level 5 in Armour
  6661 | D:5      | HP: 2/52 [poisoned by a killer bee]
  6666 | D:5      | HP: 2/52 [poisoned by a killer bee]
  7165 | D:6      | Reached skill level 5 in Spellcasting
  7277 | D:6      | Noticed Blork the orc
  7293 | D:6      | Found a staircase to the Ecumenical Temple.
  7313 | D:6      | Found a runed translucent door.
  7314 | D:6      | Noticed Crazy Yiuf
  7403 | D:5      | Reached skill level 5 in Fighting
  7498 | Temple   | Entered the Ecumenical Temple
  8259 | Temple   | Became a worshipper of Sif Muna the Loreminder
  8462 | D:6      | Killed Blork the orc
  8501 | D:6      | Reached skill level 7 in Conjurations
  8501 | D:6      | Reached XP level 10. HP: 51/59 MP: 10/18
  8686 | D:6      | Killed from afar by an acid dragon

Illustrated notes

Levels and vault maps discovered:
D:1:      saegor_arrival_simple_d, layout_basic, minivault_14
D:2:      layout_rooms, hellmonk_ecumenical_altar_pennies_from_heaven
D:3:      layout_rooms, corexii_corridor_pit, lexackson_kobold_supper,
          uniq_terence
D:4:      layout_basic, minivault_25, minmay_pentangle, uniq_edmund
D:5:      layout_loops_ring, uniq_pikel
D:6:      layout_rooms, minmay_temple_entry_large_hall, uniq_crazy_yiuf_cottage,
          uniq_blork_the_orc
Temple:   nicolae_temple_the_god_donut

Skill      XL: |  1  2  3  4  5  6  7  8  9 |
---------------+----------------------------+-----
Fighting       | 1 2 3 4 5 |  5.2
Armour         | 1 2 3 4 5 |  5.6
Conjurations   | 2 3 4 5 7 |  7.0
Dodging        | 3 4 5 6 |  6.3
Fire Magic     | 4 5 6 |  6.8
Spellcasting   | 3 4 5 |  5.2
Shields        | 2 4 |  4.1
Stealth        | |  2.0

Action                   |  1- 3 |  4- 6 |  7- 9 | 10-12 || total
-------------------------+-------+-------+-------+-------++-------
Melee: Falchion          |    19 |     8 |       |       ||    27
       Peck              |     3 |     5 |    22 |       ||    30
       Punch             |     1 |       |       |       ||     1
       Kick              |     1 |     9 |    31 |       ||    41
       Short sword       |       |    22 |   109 |       ||   131
 Cast: Foxfire           |    20 |    61 |    93 |     6 ||   180
       Scorch            |    17 |     6 |   103 |     8 ||   134
       Conjure Flame     |       |     3 |     8 |     1 ||    12
  Use: Potion            |     3 |       |       |       ||     3
       Scroll            |     1 |     7 |     6 |       ||    14
Armor: Robe              |     5 |     9 |    45 |     1 ||    60
       Skin              |     8 |       |       |       ||     8
Dodge: Dodged            |    18 |    24 |   232 |     2 ||   276
Block: Buckler           |       |       |    49 |     2 ||    51

Table legend: (Time is in decaauts)
 A = Elapsed time spent in this place.
 B = Non-inter-level travel time spent in this place.
 C = Inter-level travel time spent in this place.
 D = Time resting spent in this place.
 E = Time spent auto-exploring this place.
 F = Levels seen in this place.
 G = Mean time per level.
                   A        B        C        D        E       F      G
               +--------+--------+--------+--------+--------+-----+--------+
         Total |   8399 |   8044 |    355 |   1021 |   5376 |   7 | 1199.9 |
       Dungeon |   7700 |   7386 |    314 |    942 |   4830 |   6 | 1283.3 |
        Temple |    699 |    658 |     41 |     79 |    546 |   1 |  699.0 |
               +--------+--------+--------+--------+--------+-----+--------+

Top non-repeatable levels by time:
     D:4: 1979 daAuts
     D:5: 1673 daAuts
     D:2: 1104 daAuts
     D:3: 1035 daAuts
     D:6: 1018 daAuts
     D:1: 888 daAuts
  Temple: 699 daAuts
